 Dungeon Crawl Stone Soup version 0.28.0-43-g3370ac3207 (webtiles) character file.

Game seed: 9311145062169930071

1302 GilGalad the Skirmisher (level 8, -4/68 HPs)
             Began as a Palentonga Fighter on Mar 12, 2022.
             Slain by a killer bee zombie (6 damage)
             ... on level 5 of the Dungeon.
             The game lasted 00:08:14 (5588 turns).

GilGalad the Skirmisher (Palentonga Fighter)        Turns: 5588, Time: 00:08:15

Health: -4/68      AC: 15    Str: 21    XL:     8   Next: 31%
Magic:  8/8        EV:  7    Int: 10    God:
Gold:   162        SH:  4    Dex:  9    Spells: 7/7 levels left

rFire   . . .      SeeInvis +   a - +0 war axe
rCold   . . .      Faith    .   c - +0 buckler
rNeg    . . .      Spirit   .   b - +0 scale mail
rPois   .          Reflect  .   o - +0 helmet
rElec   .          Harm     .   (no cloak)
rCorr   .          Rampage  .   (no gloves)
Will    .....                   (no barding)
Stlth   ..........              (no amulet)
HPRegen 0.21/turn               (no ring)
MPRegen 0.11/turn               (no ring)

@: mighty, marked, curled up
A: large, rugged brown scales 3, see invisible, deformed body, roll 1, armoured
tail, reflexive curl
a: Rolling Charge


You were on level 5 of the Dungeon.
You visited 1 branch of the dungeon, and saw 5 of its levels.

You collected 162 gold pieces.

Inventory:

Hand Weapons
 a - a +0 war axe (weapon)
Missiles
 n - a throwing net
Armour
 b - a +0 scale mail (worn)
 c - a +0 buckler (worn)
 o - a +0 helmet (worn)
Jewellery
 t - a ring of ice
Wands
 x - a wand of acid (9)
Scrolls
 e - 5 scrolls of teleportation {unknown}
 h - 2 scrolls of immolation {unknown}
 k - 2 scrolls of fear {unknown}
 l - a scroll of enchant armour {unknown}
 m - 5 scrolls of identify {unknown}
 p - 2 scrolls of enchant weapon {unknown}
 r - a scroll of holy word {unknown}
 u - a scroll of noise {unknown}
Potions
 d - a potion of might
 f - 3 potions of lignification {unknown}
 g - 2 potions of curing
 i - 2 potions of berserk rage {unknown}
 j - a potion of magic {unknown}
 q - a potion of heal wounds {unknown}
 s - a potion of degeneration {unknown}
 v - a potion of attraction {unknown}
 w - a potion of mutation {unknown}


   Skills:
 + Level 5.9 Fighting
 + Level 5.3 Axes
 + Level 4.8 Armour
 + Level 4.8 Shields


You had 7 spell levels left.
You didn't know any spells.
Your spell library contained the following spells:

 Spells                   Type           Power      Damage    Failure   Level
 Sandblast                Erth           0%         2d4       77%         1
 Shock                    Conj/Air       0%         1d3       77%         1
 Passwall                 Tmut/Erth      0%         N/A       88%         2
 Conjure Flame            Conj/Fire      0%         6-21      98%         3
 Ignite Poison            Fire/Tmut/Pois 0%         N/A       98%         3
 Stone Arrow              Conj/Erth      0%         3d7       98%         3
 Swiftness                Air            0%         N/A       98%         3
 Airstrike                Air            0%         N/A       100%        4
 Sticky Flame             Conj/Fire      0%         2d3       100%        4


Dungeon Overview and Level Annotations

Branches:
Dungeon (5/15)
 Temple: D:4-7

Altars:

Shops:
D:3 (


Innate Abilities, Weirdness & Mutations

You are completely covered in rugged brown scales. (AC +3, +7% HP)
You have supernaturally acute eyesight. (SInv)
Armour fits poorly on your strangely shaped body.
You can roll at nearby foes to attack.
You have a long armoured tail.
You curl defensively after being hit. (AC +7*)


Message History

You feel very mighty all of a sudden. The centaur warrior zombie hits you.
* * * LOW HITPOINT WARNING * * *
The centaur warrior zombie kicks you but does no damage.
The centaur warrior zombie hits you but does no damage.
The centaur warrior zombie kicks you but does no damage.
You slash the centaur warrior zombie!
The centaur warrior zombie is almost destroyed.
You block the centaur warrior zombie's attack.
The centaur warrior zombie kicks you but does no damage.
A killer bee zombie comes into view.
You slash the centaur warrior zombie!
You tail-slap the centaur warrior zombie.
You destroy the centaur warrior zombie!
Your Axes skill increases to level 5!
You have reached level 8!
You feel clever.
You slice the killer bee zombie!!
Your tail-slap misses the killer bee zombie.
The killer bee zombie is severely damaged.
The killer bee zombie hits you.
* * * LOW HITPOINT WARNING * * *
The killer bee zombie barely misses you.
You barely miss the killer bee zombie.
Your tail-slap misses the killer bee zombie.
The killer bee zombie is severely damaged.
The killer bee zombie barely misses you.
The killer bee zombie hits you but does no damage.
You block the killer bee zombie's attack.
You hit the killer bee zombie.
The killer bee zombie is almost destroyed.
The killer bee zombie hits you.
* * * LOW HITPOINT WARNING * * *
The killer bee zombie hits you.
* * * LOW HITPOINT WARNING * * *
You barely miss the killer bee zombie.
Your tail-slap misses the killer bee zombie.
The killer bee zombie is almost destroyed.
The killer bee zombie hits you.
You die...

♣≈≈≈≈≈≈≈≈≈≈≈♣♣
#.##....
≈≈≈≈≈≈≈≈≈≈≈≈≈♣
#.......
♣♣≈≈≈≈≈≈≈≈≈≈≈#
########
≈≈≈≈≈≈≈≈≈♣≈#
#.#
≈≈≈≈≈≈≈≈≈≈≈#
#.. ≈≈≈≈P≈≈♣≈#
#.. ≈P≈≈≈≈♣♣.#
##. ♣≈≈P≈≈ ♣.#
## ≈≈≈≈ #@#
≈♣≈
#Z#####+### ≈≈
#.........#
###.Z.....# .
#.../...# .
#....!... ..
+........ .
#........
#.......#


You could see a killer bee zombie.

Vanquished Creatures
  A centaur zombie (D:5)
  Sigmund (D:3)
  A water moccasin (D:4)
  A necrophage (D:3)
  A phantom (D:5)
  2 scorpions (D:5)
  A howler monkey (D:4)
  A centaur skeleton (D:3)
  A hound (D:5)
  An orc priest (D:3)
  2 iguanas
  An orc wizard (D:4)
  2 hound skeletons (D:4)
  A howler monkey skeleton (D:5)
  7 adders
  4 gnolls
  An ufetubus (D:5)
  A dart slug (D:4)
  10 orcs
  7 bats
  5 endoplasms
  2 giant cockroaches (D:2)
  8 goblins
  6 hobgoblins
  6 quokkas
  6 ball pythons
  A frilled lizard (D:2)
  A jackal skeleton (D:4)
  5 kobolds
  6 rats
93 creatures vanquished.

Vanquished Creatures (others)
  18 plants
  11 withered plants (D:2)
29 creatures vanquished.

Grand Total: 122 creatures vanquished

Notes
Turn   | Place    | Note
-------+----------+-------------------------------------------
     0 | D:1      | GilGalad the Palentonga Fighter began the quest for the
                  | Orb.
     0 | D:1      | Reached XP level 1. HP: 19/19 MP: 1/1
   317 | D:1      | Reached XP level 2. HP: 25/25 MP: 2/2
  1066 | D:2      | Reached XP level 3. HP: 7/31 MP: 3/3
  1396 | D:2      | Identified the +0 leather armour of Vacul {*Corrode rElec
                  | Int+8 Stlth-}
  1846 | D:2      | Found a faded altar of an unknown god.
  1860 | D:2      | Reached XP level 4. HP: 35/37 MP: 4/4
  2765 | D:3      | Found Visuofedgh's Weapon Emporium.
  2822 | D:3      | Noticed a necrophage
  2832 | D:3      | Killed a necrophage
  2833 | D:3      | Reached XP level 5. HP: 34/44 MP: 5/5
  3200 | D:3      | Noticed Sigmund
  3209 | D:3      | Killed Sigmund
  3210 | D:3      | Reached XP level 6. HP: 13/52 MP: 6/6
  3906 | D:4      | Noticed a water moccasin
  3916 | D:4      | Killed a water moccasin
  3917 | D:4      | Gained mutation: You curl defensively after being hit. (AC
                  | +7*) [Palentonga growth]
  3917 | D:4      | Reached XP level 7. HP: 43/58 MP: 7/7
  4665 | D:5      | Entered Level 5 of the Dungeon
  4676 | D:5      | Reached skill level 5 in Fighting
  5581 | D:5      | Reached skill level 5 in Axes
  5581 | D:5      | Reached XP level 8. HP: 12/68 MP: 8/8
  5587 | D:5      | HP: 2/68 [killer bee zombie (4)]
  5588 | D:5      | Slain by a killer bee zombie

Illustrated notes

Levels and vault maps discovered:
D:1:      psy_arrival_statuary, layout_basic, roderic_three_in_a_row
D:2:      layout_rooms, shapermc_ecumenical_altar_flowoftime,
          minmay_fountain_box, minmay_heptomino_w4
D:3:      layout_basic, serial_shops, nicolae_shop_crystal, uniq_sigmund
D:4:      layout_basic
D:5:      layout_basic, nicolae_gozag_cash_rules_everything_around_me,
          grunt_ministairs_13, serial_bayou_lake_a

Skill      XL: |  1  2  3  4  5  6  7 |
---------------+----------------------+-----
Shields        | 3 4 |  4.8
Armour         | 3 4 |  4.8
Axes           | 3 4 5 |  5.3
Fighting       | 4 5 |  5.9

Action                   |  1- 3 |  4- 6 |  7- 9 || total
-------------------------+-------+-------+-------++-------
Melee: War axe           |   105 |    86 |   125 ||   316
       Tailslap          |    11 |    13 |    15 ||    39
 Abil: Rolling Charge    |     8 |    10 |     6 ||    24
  Use: Potion            |       |       |     1 ||     1
Armor: Scale mail        |    67 |    39 |    84 ||   190
Dodge: Dodged            |    59 |    24 |    55 ||   138
Block: Buckler           |    38 |    14 |    31 ||    83
